 Dungeon Sprint DCSS version 0.21.2 (webtiles) character file.

10752 Fang the Severer (level 11, -5/83 HPs)
             Began as a Gargoyle Berserker on Oct 16, 2018.
             Was the Champion of Trog.
             Killed by drain life
             ... invoked by a deathcap
             ... summoned by a curse toe
              (9 damage)
             ... in the Dungeon (Sprint VII: "The Pits").
             The game lasted 00:08:41 (2527 turns).

Fang the Severer (Gargoyle Berserker)               Turns: 2527, Time: 00:08:42

Health: -5/83      AC: 31    Str: 28    XL:     11   Next: 67%
Magic:  11/11      EV: 10    Int:  7    God:    Trog [******]
Gold:   70         SH:  0    Dex:  9    Spells: 10/10 levels left

rFire    . . .     SeeInvis .   n - +3 war axe (freeze)
rCold    . . .     Gourm    .   (no shield)
rNeg     + . .     Faith    .   r - +5 plate armour
rPois    ∞         Spirit   .   (no helmet)
rElec    +         Reflect  .   (no cloak)
rCorr    .         Harm     .   (no gloves)
MR       .....     NoTele   +   (no boots)
Stlth    ..........             (no amulet)
HPRegen  0.23/turn              o - +3 ring of protection
MPRegen  0.12/turn              q - +3 ring of strength

@: berserk cooldown, slowed, very slow
A: negative energy resistance 1, electricity resistance, unbreathing,
petrification resistance, rot immunity, AC +8
a: Berserk, Trog's Hand, Brothers in Arms, Burn Spellbooks, Renounce Religion


You were in the Dungeon.
You worshipped Trog.
Trog was exalted by your worship.
You were very hungry.

You visited 1 branch You collected 70 gold pieces.

Inventory:

Hand Weapons
 j - a +3 war axe of electrocution
 m - a +3 battleaxe of distortion
 n - a +3 war axe of freezing (weapon)
 B - a +1 antimagic executioner's axe
Armour
 r - a +5 plate armour (worn)
Jewellery
 o - a +3 ring of protection (left hand)
 q - a +3 ring of strength (right hand)
 x - an uncursed ring of protection from magic
 A - an uncursed ring of protection from fire
Wands
 w - a wand of acid (11)
Scrolls
 i - a scroll of blinking
 k - 3 scrolls of remove curse
 l - a scroll of summoning
 s - 4 scrolls of fear
 t - 2 scrolls of fog
 v - 2 scrolls of identify
Potions
 a - 2 potions of invisibility
 d - 11 potions of curing
 e - 12 potions of heal wounds
 f - 2 potions of haste
 g - 4 potions of magic
 h - 6 potions of berserk rage
 p - a potion of agility
 z - a potion of brilliance
Miscellaneous
 y - a phial of floods
Comestibles
 b - 6 chunks of flesh
 c - 9 rations


   Skills:
 + Level 16.2 Fighting
 + Level 17.3 Axes
 + Level 12.9 Armour
 + Level 5.9 Dodging
 + Level 3.1 Stealth


You had 10 spell levels left.
You didn't know any spells.

Dungeon Overview and Level Annotations

Branches:
Dungeon (1/1)

Altars:
Ashenzari
Cheibriados
Dithmenos
Elyvilon
Fedhas
Gozag
Hepliaklqana
Kikubaaqudgha
Makhleb
Nemelex Xobeh
Okawaru
Qazlal
Ru
Sif Muna
Trog
Uskayaw
Vehumet
Wu Jian
Xom
Yredelemnul
Zin
The Shining One
Beogh
Jiyva
Lugonu


Innate Abilities, Weirdness & Mutations

You are resistant to torment.
Your stone body is resilient. (AC +8)
You are immune to poison.
You resist negative energy. (rN+)
You are resistant to electric shocks. (rElec)
You can survive without breathing.
You are immune to petrification.
You are immune to rotting.


Message History

The deathcap closely misses you. The deathcap releases spores at you.
Your cyclops hits the curse toe!
You see here a hell hound corpse.
The deathcap barely misses you.
The curse toe gestures.
Your cyclops hits the curse toe.
The deathcap releases spores at you but does no damage.
The deathcap releases spores at you!
* * * LOW HITPOINT WARNING * * *
The curse toe calls on the powers of darkness!
Your cyclops convulses!
Your body is wracked with pain!
* * * LOW HITPOINT WARNING * * *
You see here a redback corpse.
The deathcap releases spores at you!
* * * LOW HITPOINT WARNING * * *
Your cyclops hits the curse toe but does no damage.
The wandering mushroom completely misses your cyclops.
The deathcap draws from the surrounding life force!
You die...

#+# #.# #f#
################z#
..............ffC#
..............fff#
+##############f†#
#.@# #..# #.f#
#..# #..# #..#
#..# #..# #..#


You could see a curse toe, 3 deathcaps, 5 wandering mushrooms and a friendly
cyclops (berserk).

Vanquished Creatures
  2 two-headed ogres (D)
  A sun demon (D)
  2 unseen horrors (D)
  A lindwurm (D)
  A cyclops (D)
  A manticore (D)
  A spiny frog (D)
  2 komodo dragons (D)
  A hornet (D)
  A troll (D)
  A bog body (D)
  2 hippogriffs (D)
  4 slime creatures (D)
  4 redbacks (D)
  A wyvern (D)
  A fire bat (D)
  3 yaks (D)
  2 basilisks (D)
  A chaos spawn (D)
  A steam dragon (D)
  A soldier ant (D)
  A floating eye (D)
  4 hell hounds (D)
  2 phantoms (D)
  An orc warrior (D)
  A centaur (D)
  A small abomination (D)
  4 wights (D)
  A crimson imp (D)
  2 jellies (D)
  An orc wizard (D)
  2 iguanas (D)
  2 river rats (D)
  2 adders (D)
  A white imp (D)
  An ufetubus (D)
  2 oozes (D)
  A worm (D)
  An adder skeleton (D)
  2 leopard geckos (D)
  2 orcs (D)
  A bat zombie (D)
  2 giant cockroaches (D)
  3 goblins (D)
  A hobgoblin (D)
  A kobold (D)
  2 quokkas (D)
  A frilled lizard (D)
79 creatures vanquished.

Vanquished Creatures (collateral kills)
  A hydra (D)
  An unseen horror (D)
  An ugly thing (D)
  A black mamba (D)
  A spriggan (D)
  6 yaks (D)
  2 fire bats (D)
  A goblin (D)
14 creatures vanquished.

Grand Total: 93 creatures vanquished

Notes
Turn   | Place    | Note
-------+----------+-------------------------------------------
     0 | D        | Fang the Gargoyle Berserker began the quest for the Orb.
     0 | D        | Reached XP level 1. HP: 14/14 MP: 1/1
    17 | D        | Reached skill level 3 in Axes
    22 | D        | Found a bloodstained altar of Trog.
    22 | D        | Found a deep blue altar of Sif Muna.
    22 | D        | Found a viscous altar of Jiyva.
    22 | D        | Found a hazy altar of Hepliaklqana.
    22 | D        | Found an opulent altar of Gozag.
    23 | D        | Found a glowing golden altar of the Shining One.
    23 | D        | Found a glowing silver altar of Zin.
    23 | D        | Found a basalt altar of Yredelemnul.
    23 | D        | Found a shimmering altar of Xom.
    23 | D        | Found an ornate altar of the Wu Jian Council.
    23 | D        | Found a sacrificial altar of Ru.
    23 | D        | Found a stormy altar of Qazlal.
    23 | D        | Found an iron altar of Okawaru.
    23 | D        | Found a sparkling altar of Nemelex Xobeh.
    23 | D        | Found a burning altar of Makhleb.
    23 | D        | Found a blossoming altar of Fedhas.
    23 | D        | Found a white marble altar of Elyvilon.
    23 | D        | Found a shadowy altar of Dithmenos.
    23 | D        | Found a snail-covered altar of Cheibriados.
    25 | D        | Found a radiant altar of Vehumet.
    25 | D        | Found a corrupted altar of Lugonu.
    25 | D        | Found a roughly hewn altar of Beogh.
    82 | D        | Reached ** piety under Trog
    82 | D        | Reached XP level 2. HP: 11/20 MP: 2/2
   224 | D        | Reached skill level 4 in Axes
   328 | D        | Noticed a floating eye
   332 | D        | Paralysed by a floating eye for 4 turns
   337 | D        | Killed a floating eye
   337 | D        | Reached *** piety under Trog
   337 | D        | Reached skill level 6 in Axes
   337 | D        | Reached XP level 3. HP: 11/28 MP: 3/3
   337 | D        | Reached XP level 4. HP: 14/34 MP: 4/4
   337 | D        | Reached XP level 5. HP: 16/38 MP: 5/5
   635 | D        | Noticed a phantom
   635 | D        | Noticed a centaur
   639 | D        | Reached **** piety under Trog
   641 | D        | Reached skill level 7 in Axes
   645 | D        | Killed a centaur
   645 | D        | Reached XP level 6. HP: 21/45 MP: 6/6
   652 | D        | HP: 2/45 [white imp/puff of frost (4)]
   717 | D        | Killed a phantom
   717 | D        | Reached ***** piety under Trog
   717 | D        | Reached skill level 8 in Axes
   717 | D        | Reached skill level 5 in Armour
   818 | D        | Noticed a komodo dragon
   824 | D        | Killed a komodo dragon
   824 | D        | Reached skill level 10 in Fighting
   824 | D        | Reached skill level 9 in Axes
   824 | D        | Reached XP level 7. HP: 52/52 MP: 7/7
  1016 | D        | Received a gift from Trog
  1028 | D        | Reached skill level 10 in Axes
  1057 | D        | Noticed a basilisk
  1062 | D        | Received a gift from Trog
  1074 | D        | Killed a basilisk
  1074 | D        | Reached XP level 8. HP: 60/60 MP: 8/8
  1186 | D        | Found a hide-covered altar of Uskayaw.
  1186 | D        | Found an ancient bone altar of Kikubaaqudgha.
  1186 | D        | Found a shattered altar of Ashenzari.
  1209 | D        | Noticed a two-headed ogre
  1211 | D        | Killed an unseen horror
  1211 | D        | Reached skill level 11 in Axes
  1211 | D        | Reached skill level 5 in Dodging
  1219 | D        | Killed a two-headed ogre
  1219 | D        | Reached skill level 12 in Axes
  1219 | D        | Reached skill level 1 in Stealth
  1219 | D        | Reached XP level 9. HP: 58/66 MP: 9/9
  1351 | D        | Received a gift from Trog
  1357 | D        | Reached skill level 13 in Axes
  1361 | D        | Reached skill level 10 in Armour
  1369 | D        | Reached ****** piety under Trog
  1419 | D        | Noticed a spiny frog
  1423 | D        | Killed a spiny frog
  1423 | D        | Received a gift from Trog
  1429 | D        | Noticed a komodo dragon
  1437 | D        | Reached XP level 10. HP: 73/73 MP: 10/10
  1437 | D        | Reached skill level 14 in Axes
  1438 | D        | Received a gift from Trog
  1512 | D        | Noticed a five-headed hydra
  1517 | D        | Received a gift from Trog
  1531 | D        | Killed a five-headed hydra
  1531 | D        | Reached skill level 15 in Axes
  1668 | D        | Noticed a manticore
  1674 | D        | Killed a manticore
  1691 | D        | Received a gift from Trog
  1692 | D        | Found the +11 plutonium sword {*Contam Stlth-}
  1876 | D        | Noticed a black mamba
  1877 | D        | Noticed a brown ugly thing
  1881 | D        | Killed an unseen horror
  1882 | D        | Killed a black mamba
  1892 | D        | Noticed a sun demon
  1896 | D        | Killed a brown ugly thing
  1896 | D        | Reached skill level 15 in Fighting
  1896 | D        | Reached skill level 16 in Axes
  1896 | D        | Reached XP level 11. HP: 76/81 MP: 11/11
  1900 | D        | Killed a sun demon
  1901 | D        | Noticed a cyclops
  1910 | D        | Killed a cyclops
  1910 | D        | Received a gift from Trog
  2189 | D        | Noticed a lindwurm
  2208 | D        | Killed a lindwurm
  2210 | D        | Killed an unseen horror
  2302 | D        | Noticed a two-headed ogre
  2313 | D        | Killed a two-headed ogre
  2313 | D        | Received a gift from Trog
  2425 | D        | Reached skill level 17 in Axes
  2450 | D        | Received a gift from Trog
  2506 | D        | Noticed a curse toe
  2512 | D        | Noticed a deathcap
  2513 | D        | Noticed a deathcap
  2516 | D        | Noticed a deathcap
  2516 | D        | Noticed a deathcap
  2516 | D        | Noticed a deathcap
  2516 | D        | Noticed a deathcap
  2527 | D        | Noticed a deathcap
  2527 | D        | HP: 4/83 [deathcap[a curse toe] (13)]
  2527 | D        | Killed from afar by a deathcap

Skill      XL: |  1  2  3  4  5  6  7  8  9 10 11 |
---------------+----------------------------------+-----
Axes           | 3 6 7 9 10 12 13 16 17 | 17.3
Fighting       | 4 7 8 10 11 12 13 15 16 | 16.2
Dodging        | 2 3 4 5 |  5.9
Armour         | 3 4 6 7 9 10 11 12 | 12.9
Stealth        | 1 3 |  3.1

Action                   |  1- 3 |  4- 6 |  7- 9 | 10-12 || total
-------------------------+-------+-------+-------+-------++-------
Melee: Hand axe          |    20 |    49 |    27 |       ||    96
       Broad axe         |       |       |    41 |     4 ||    45
       War axe           |       |       |       |    70 ||    70
       Battleaxe         |       |       |       |    14 ||    14
       Executioner's axe |       |       |       |    11 ||    11
Invok: Berserk           |     1 |     2 |     4 |     3 ||    10
       Brothers in Arms  |       |       |       |     3 ||     3
  Use: Potion            |       |     1 |       |       ||     1
       Scroll            |       |       |       |     2 ||     2
 Stab: Distracted        |       |       |       |     1 ||     1
  Eat: Chunk             |       |       |     7 |     7 ||    14
Armor: Animal skin       |    11 |     1 |       |       ||    12
       Plate armour      |       |    38 |    45 |   149 ||   232
Dodge: Dodged            |    13 |    24 |    22 |    61 ||   120
